AoeStats
← Iguano Pop

Golden Pit

509049011Analyzed
1v1 RM · 7d ago on Sep 25, 2026· 15m 52s· 2 players
Game mode
Random Map
Map size
Tiny (2 player)
Population
200
Speed
Normal
Resources
Standard
Victory
Conquest
Starting age
Dark Age
Ending age
Imperial Age
RankedLock teamsTeams togetherTeam positionsShared explorationLock speedFull tech treeHidden civsTurbo modeCheats
Victory
Defeat
🇲🇽 Saracens · Mexico
1364
+13
🇮🇳 Vikings · India
1305
-13
echO48
4:57 Loom
6:37 Loom
7:16 Loom
9:46 Feudal Age
8:06 Loom
9:52 Feudal Age
14:51 Castle Age
13:13 Double-Bit Axe
Iguano Pop
8:18 Loom
10:24 Feudal Age
10:40 Man-at-Arms
14:43 Double-Bit Axe
15:56 Town Watch
Connection lost

Rejoining the realm…

Still unreachable

The connection could not be restored.

Session expired

The server has moved on; the page needs a fresh start.